 Dungeon Crawl Stone Soup version 0.13.0-11-g0187522 (webtiles) character file.

7695 Psiweapon the Protected (level 10, 0/81 HPs)
             Began as a Minotaur Fighter on Oct 15, 2013.
             Was a High Priest of Okawaru.
             Killed from afar by a manticore (8 damage)
             ... with a volley of spikes
             ... on Level 11 of the Dungeon on Oct 18, 2013.
             The game lasted 01:04:57 (10287 turns).

Psiweapon the Protected (Minotaur Fighter)         Turns: 10287, Time: 01:04:57

HP   0/81        AC 14     Str 25      XL: 10   Next: 94%
MP   3/3         EV 11     Int  5      God: Okawaru [*****.]
Gold 229         SH 24     Dex 10      Spells:  0 memorised,  9 levels left

Res.Fire  : . . .   See Invis. : .   W - +1,+5 demon trident
Res.Cold  : . . .   Warding    : .   u - +0 elf chain mail
Life Prot.: + . .   Conserve   : .   c - +0 shield
Res.Poison: .       Res.Corr.  : .   (helmet restricted)
Res.Elec. : .       Clarity    : .   M - +0 cloak
Sust.Abil.: . .     Spirit.Shd : .   z - +0 pair of orc gauntlets
Res.Mut.  : .       Stasis     : .   (no boots)
Res.Rott. : .       Flight     : .   s - amulet of the gourmand
Gourmand  : +                        C - +4 ring of evasion
                                     r - ring of positive energy {unknown}

@: somewhat resistant to hostile enchantments, extremely unstealthy
A: retaliatory headbutt, horns 2, deformed body, AC +4, Str +2, Dex -1
a: Heroism, Finesse, Renounce Religion


You were on level 11 of the Dungeon.
You worshipped Okawaru.
Okawaru was extremely pleased with you.
You were very full.

You visited 2 branches of the dungeon, and saw 12 of its levels.

You collected 545 gold pieces.
You spent 336 gold pieces at shops.

Inventory:

Hand weapons
 i - a +0,+1 spear of freezing
 m - a +0,+0 flail
 A - a +2,+3 quarterstaff of chaos
 D - a +0 orcish blowgun
 I - a +1,+3 whip of electrocution
 K - a +0,+0 orcish flail of protection
 Q - a +0,+1 whip of flaming
 W - a +1,+5 demon trident (weapon)
Missiles
 e - 6 javelins (quivered)
 E - 2 curare-tipped needles
 L - 45 poisoned needles
Armour
 c - a +0 shield (worn)
 u - a +0 elven chain mail (worn)
 z - a +0 pair of orcish gauntlets (worn)
 M - a +0 cloak (worn)
Magical devices
 j - a wand of slowing (12)
 l - a wand of digging (12) {unknown}
 J - a wand of magic darts (0)
 U - a wand of hasting (0)
Comestibles
 d - 6 bread rations
 o - a choko
 y - 3 chunks of orc flesh
 H - 3 meat rations
 R - 8 grapes
 S - 6 sultanas
Scrolls
 a - 2 scrolls of teleportation
 g - a scroll of fear
 h - 2 scrolls of recharging
 k - 5 scrolls of remove curse
 n - 3 scrolls of blinking
 q - a scroll of enchant armour
 F - 2 scrolls of magic mapping
 G - a scroll of amnesia
 P - a scroll of immolation
 V - a scroll of silence
Jewellery
 b - an uncursed ring of fire
 r - a ring of positive energy (left hand) {unknown}
 s - an amulet of the gourmand (around neck)
 v - an uncursed ring of magical power
 x - an uncursed ring of protection from fire
 C - a +4 ring of evasion (right hand)
 X - an uncursed ring of see invisible
Potions
 f - 4 potions of might {unknown}
 p - a potion of speed {unknown}
 t - 2 potions of restore abilities {unknown}
 w - a potion of flight {unknown}
 B - 2 potions of poison {unknown}
 O - 2 potions of heal wounds {unknown}
 Z - a potion of agility {unknown}
Books
 N - a book of Callings

   Spells                             Type                      Level
   Summon Small Mammal                Summoning                    1
   Call Imp                           Summoning                    2
   Call Canine Familiar               Summoning                    3
   Summon Scorpions                   Summoning/Poison             4
   Summon Ice Beast                   Ice/Summoning                4
 T - a book of the Dragon

   Spells                             Type                      Level
   Flight                             Charms/Air                   3
   Cause Fear                         Hexes                        4
   Bolt of Fire                       Conjuration/Fire             6
   Dragon Form                        Transmutation                7
   Summon Dragon                      Summoning                    9
 Y - a book of Control

   Spells                             Type                      Level
   Control Teleport                   Charms/Translocation         4
   Control Undead                     Necromancy                   4
   Enslavement                        Hexes                        4
   Mass Confusion                     Hexes                        6
   Metabolic Englaciation             Hexes/Ice                    6


   Skills:
 - Level 5.1 Fighting
 - Level 10.0 Maces & Flails
 + Level 2.5 Polearms
 - Level 10.2 Armour
 + Level 8.9 Stealth
 + Level 9.0 Shields


You had 9 spell levels left.
You didn't know any spells.

Dungeon Overview and Level Annotations

Branches:
Dungeon (11/27)            Temple (1/1) D:6             Orc (0/4) D:10
   Lair: D:8-13

Altars:
Ashenzari
Cheibriados
Elyvilon
Fedhas
Kikubaaqudgha
Makhleb
Nemelex Xobeh
Okawaru
Sif Muna
Trog
Vehumet
Xom
Yredelemnul
Zin
the Shining One

Shops:
D:5 ?   D:8 =


Innate Abilities, Weirdness & Mutations

You reflexively headbutt those who attack you in melee.
You have a pair of horns on your head.
You are partially covered in rough black scales (AC +4, Dex -1).
Armour fits poorly on your strangely shaped body.
Your muscles are strong. (Str +2)


Message History

The centaur shoots an arrow.
The arrow hits you!
* * * LOW HITPOINT WARNING * * *
The centaur shoots an arrow.
The arrow misses you.
You see here an arrow.
Read which item? (? for menu, Esc to quit)
As you read the scroll of teleportation, it crumbles to dust.
You feel strangely unstable. The troll bites you.
* * * LOW HITPOINT WARNING * * *
You block the troll's attack. The troll closely misses you.
The centaur shoots an arrow.
The arrow misses you.
The centaur shoots an arrow.
The arrow hits you!
* * * LOW HITPOINT WARNING * * *
You see here an arrow.
Your surroundings suddenly seem different.
A hill giant comes into view. It is wielding a giant club.
The hill giant shouts!
The hill giant moves out of view.
A manticore comes into view.
The manticore flicks its tail!
The volley of spikes hits you!
You die...

#.# ..# #.#
#..
###.#.###..
#......#....
#.###....#.
#.# .####
#.###.#
#.....#
###@### #.#
#.# #H. ##.
.. .. ##.


You could see a manticore.

Vanquished Creatures
  Pikel (D:6)
  A hill giant (D:10)
  The ghost of dertyp the Shield-Bearer, an experienced HOFi of Cheibriados (D:6)
  Grinder (D:6)
  3 ugly things (D:9)
  A wraith (D:10)
  A wyvern (D:10)
  3 yaks (D:9)
  Eustachio (D:4)
  A hungry ghost (D:7)
  A hippogriff (D:7)
  A manticore (D:9)
  A necrophage (D:9)
  4 orc warriors
  2 sky beasts
  A slave (D:5)
  3 centaurs
  2 phantoms
  8 ogres
  A yellow wasp (D:8)
  A warg (D:10)
  A water moccasin (D:4)
  Sigmund (D:6)
  A cyclops zombie (D:10)
  A wyvern skeleton (D:6)
  4 giant frogs
  A quasit (D:4)
  7 crimson imps
  2 goliath beetles
  2 jellies
  3 hounds
  Crazy Yiuf (D:2)
  A centaur skeleton (D:4)
  8 orc priests
  2 iguanas (D:4)
  An iron imp (D:4)
  2 giant frog skeletons
  10 orc wizards
  A scorpion (D:5)
  7 worker ants
  A sky beast zombie (D:6)
  A hound skeleton (D:9)
  A hound zombie (D:9)
  2 worker ant zombies
  7 gnolls
  11 adders
  A shadow imp (D:4)
  6 worms
  An inept feature mimic (D:4)
  An adder skeleton (D:9)
  A grey rat (D:4)
  3 iguana zombies
  The ghost of Bloax the Ruffian, a weakling MiMo (D:3)
  2 giant eyeballs
  7 giant geckos
  3 oozes
  43 orcs
  3 ball pythons
  16 bats
  A bat zombie (D:5)
  10 goblins
  28 hobgoblins
  14 jackals
  6 quokkas
  A training dummy (D:4)
  6 giant cockroaches
  5 giant newts
  A goblin skeleton (D:4)
  A hobgoblin zombie (D:8)
  18 kobolds
  A kobold zombie (D:7)
  A quokka skeleton (D:4)
  14 rats
  A fungus (D:2)
314 creatures vanquished.

Vanquished Creatures (others)
  A centaur (D:6)
  A slave (D:6)
  An adder (D:6)
3 creatures vanquished.

Grand Total: 317 creatures vanquished

Notes
Turn   | Place    | Note
--------------------------------------------------------------
     0 | D:1      | Psiweapon, the Minotaur Fighter, began the quest for the Orb.
     0 | D:1      | Reached XP level 1. HP: 19/19 MP: 0/0
    91 | D:1      | Upgraded the game from 0.13.0-6-g40e4d2d to 0.13.0-9-gbc74161
   103 | D:3      | Reached XP level 2. HP: 26/26 MP: 0/0
   275 | D:1      | Reached skill level 4 in Shields
   632 | D:1      | Reached XP level 3. HP: 33/33 MP: 1/1
   989 | D:2      | Reached XP level 4. HP: 32/40 MP: 1/1
  1406 | D:2      | Noticed Crazy Yiuf
  1413 | D:2      | Paralysed by Crazy Yiuf for 6 turns
  1424 | D:2      | Killed Crazy Yiuf
  1756 | D:3      | Noticed an orc wizard
  1775 | D:3      | Killed an orc wizard
  1775 | D:3      | Reached XP level 5. HP: 44/47 MP: 1/1
  1981 | D:3      | Reached skill level 5 in Fighting
  2188 | D:4      | Upgraded the game from 0.13.0-9-gbc74161 to 0.13.0-11-g0187522
  2214 | D:5      | Entered Level 5 of the Dungeon
  2225 | D:5      | Reached skill level 5 in Shields
  2314 | D:4      | Noticed an ogre
  2320 | D:4      | Killed an ogre
  2320 | D:4      | Reached skill level 5 in Armour
  2320 | D:4      | Reached XP level 6. HP: 38/53 MP: 2/2
  2379 | D:4      | Noticed a phantom
  2383 | D:4      | Reached skill level 1 in Stealth
  2399 | D:4      | Killed a phantom
  2399 | D:4      | Reached skill level 5 in Maces & Flails
  2843 | D:4      | Reached XP level 7. HP: 33/60 MP: 2/2
  3046 | D:3      | Noticed Bloax's ghost (weakling MiMo)
  3052 | D:3      | Killed Bloax's ghost
  3070 | D:3      | Reached skill level 6 in Armour
  3722 | D:4      | Found an iron altar of Okawaru.
  3736 | D:4      | Became a worshipper of Warmaster Okawaru
  3791 | D:4      | Noticed Eustachio
  3848 | D:4      | Killed Eustachio
  4320 | D:4      | Acquired Okawaru's first power
  4784 | D:5      | Noticed an ogre
  4799 | D:5      | Killed an ogre
  4799 | D:5      | Reached skill level 7 in Armour
  4974 | D:5      | Reached XP level 8. HP: 68/68 MP: 2/2
  5013 | D:5      | Noticed an ogre
  5020 | D:5      | Killed an ogre
  5233 | D:5      | Found Ozouz's Magic Scroll Emporium.
  5240 | D:5      | Bought a scroll of enchant weapon II for 77 gold pieces
  5240 | D:5      | Bought a scroll of identify for 28 gold pieces
  5240 | D:5      | Bought a scroll of identify for 28 gold pieces
  5240 | D:5      | Bought a scroll of immolation for 14 gold pieces
  5844 | D:6      | Noticed Pikel
  5850 | D:6      | Killed Pikel
  5850 | D:6      | Reached skill level 8 in Maces & Flails
  5850 | D:6      | Reached skill level 5 in Stealth
  5891 | D:6      | Noticed Sigmund
  5895 | D:6      | Reached XP level 9. HP: 53/73 MP: 3/3
  5900 | D:6      | Killed Sigmund
  6017 | D:6      | Reached skill level 9 in Armour
  6073 | D:7      | Paralysed by a giant eyeball for 2 turns
  6347 | D:6      | Noticed dertyp's ghost (experienced HOFi)
  6358 | D:6      | Killed dertyp's ghost
  6495 | D:6      | Found a staircase to the Ecumenical Temple.
  6497 | D:6      | Noticed Grinder
  6511 | D:6      | Killed Grinder
  6538 | Temple   | Entered the Ecumenical Temple
  6920 | D:5      | Bought a scroll of identify for 28 gold pieces
  6920 | D:5      | Bought a scroll of fear for 49 gold pieces
  6920 | D:5      | Bought a scroll of teleportation for 42 gold pieces
  6920 | D:5      | Bought a scroll of curse jewellery for 28 gold pieces
  6920 | D:5      | Bought a scroll of teleportation for 42 gold pieces
  7110 | D:7      | Reached skill level 10 in Armour
  7201 | D:8      | Found Twivioq's Jewellery Shop.
  7231 | D:8      | Reached skill level 10 in Maces & Flails
  7305 | D:7      | Gained mutation: Your muscles are strong. (Str +2) [mutagenic meat]
  7306 | D:7      | Gained mutation: You are partially covered in rough black scales (AC +4, Dex -1). [mutagenic meat]
  7390 | D:7      | Found a burning altar of Makhleb.
  7465 | D:7      | Reached XP level 10. HP: 81/81 MP: 3/3
  8474 | D:10     | Entered Level 10 of the Dungeon
  8565 | D:10     | Found a glowing silver altar of Zin.
  8682 | D:9      | Gained mutation: Armour fits poorly on your strangely shaped body. [potion of mutation]
  9977 | D:10     | Noticed a hill giant
  9993 | D:10     | Killed a hill giant
  9993 | D:10     | Reached skill level 1 in Polearms
 10051 | D:10     | Acquired Okawaru's second power
 10156 | D:10     | Found a staircase to the Orcish Mines.
 10264 | D:11     | HP: 2/81 [centaur/arrow (5)]
 10267 | D:11     | Noticed a hill giant
 10287 | D:11     | Killed from afar by a manticore

Action                   |  1- 3 |  4- 6 |  7- 9 | 10-12 || total
-------------------------+-------+-------+-------+-------++-------
Melee: Mace              |   100 |   103 |       |       ||   203
       Flail             |       |    95 |    34 |    61 ||   190
       Hammer            |       |     4 |     3 |       ||     7
       Whip              |       |       |   338 |   233 ||   571
       Demon trident     |       |       |       |    12 ||    12
 Fire: Blowgun           |       |       |       |     3 ||     3
Throw: Spear             |       |     1 |       |       ||     1
       Javelin           |       |       |       |     2 ||     2
Invok: Heroism           |       |       |       |     1 ||     1
Evoke: Wand              |       |       |       |     2 ||     2
  Use: Scroll            |     1 |       |    10 |     8 ||    19
       Potion            |       |     3 |     2 |     4 ||     9
